BSA
VISTA PANTHERS @ GREENVILLE 84S
09/14/2027
 
TOP OF THE 1ST
Vista Panthers batting - Pitching for Greenville 84s : LHP Darrell Harding
Pitching: LHP Darrell Harding
Batting: RHB John Mendelson 0-0: DOUBLE (Line Drive, 9LS)
Batting: RHB Roberto Cruz 0-0: 2-RUN HOME RUN (Line Drive, 78XD), Distance : 403 ft
Batting: RHB Phil Matthews 0-0: Foul Ball, location: 2F
0-1: Ball
1-1: Foul Ball, location: 2F
1-2: Ground out 6-3 (Groundball, 6)
Batting: SHB Mark Wells 0-0: Swinging Strike
0-1: Called Strike
0-2: Ball
1-2: Ball
2-2: Ball
3-2: Foul Ball, location: 2F
3-2: Strikes out swinging
Batting: RHB Alfredo López 0-0: Fly out, F4 (Popup, 4MD)
Top of the 1st over - 2 run(s), 2 hit(s), 0 error(s), 0 left on base; Vista 2 - Greenville 0
BOTTOM OF THE 1ST
Greenville 84s batting - Pitching for Vista Panthers : RHP Paco Canpos
Pitching: RHP Paco Canpos
Batting: RHB Carlos Torres 0-0: Ball
1-0: Ball
2-0: Called Strike
2-1: Called Strike
2-2: Reached via error on a dropped throw, E3
Batting: LHB Chris Moore 0-0: Ball
1-0: Ball
Wild Pitch!
Carlos Torres to second
2-0: Fly out, F9 (Flyball, 89M)
Batting: RHB Enzo Díaz 0-0: Swinging Strike
0-1: Ball
1-1: Ball
2-1: SINGLE (Groundball, 34D)
Carlos Torres to third
Runner from 3rd tries for Home, SAFE, no throw
Batting: LHB Brock Larsen 0-0: Ball
1-0: Grounds into double play, 2-6-3 (Groundball, 2R)
Bottom of the 1st over - 1 run(s), 1 hit(s), 1 error(s), 0 left on base; Vista 2 - Greenville 1
TOP OF THE 2ND
Vista Panthers batting - Pitching for Greenville 84s : LHP Darrell Harding
Batting: RHB Cisco Gatán 0-0: Foul Ball, location: 2F
0-1: Ball
1-1: Ball
2-1: Ball
3-1: Base on Balls
Batting: RHB George Howard 0-0: Swinging Strike
0-1: SINGLE (Groundball, 34D)
Cisco Gatán to second
Runner from 2nd tries for 3rd, SAFE, throw made to third
Batting: RHB António López 0-0: Ball
1-0: Called Strike
1-1: Ground out 2-3 (Groundball, 15S)
George Howard to second
Batting: RHB Justin Burgess 0-0: Ball
1-0: Swinging Strike
1-1: Foul Ball, location: 2F
1-2: Strikes out looking
Batting: RHB John Mendelson 0-0: Called Strike
0-1: Ball
1-1: Ball
2-1: Ball
3-1: Base on Balls
Batting: RHB Roberto Cruz 0-0: Fly out, F6 (Line Drive, 6)
Top of the 2nd over - 0 run(s), 1 hit(s), 0 error(s), 3 left on base; Vista 2 - Greenville 1
BOTTOM OF THE 2ND
Greenville 84s batting - Pitching for Vista Panthers : RHP Paco Canpos
Batting: LHB Paco Rosas 0-0: Reached on error, E3 (Groundball, 34)
Batting: LHB Jimmy Vickers 0-0: Ball
1-0: Swinging Strike
1-1: Ground out 3-1 (Groundball, 34S)
Paco Rosas to second
Batting: RHB Vic Langlois 0-0: Called Strike
Paco Rosas is caught stealing 3rd base
0-1: Ball
1-1: Swinging Strike
1-2: Strikes out swinging
Bottom of the 2nd over - 0 run(s), 0 hit(s), 1 error(s), 0 left on base; Vista 2 - Greenville 1
TOP OF THE 3RD
Vista Panthers batting - Pitching for Greenville 84s : LHP Darrell Harding
Batting: RHB Phil Matthews 0-0: Called Strike
0-1: Ball
1-1: SINGLE (Groundball, 56D)
Batting: SHB Mark Wells 0-0: Ball
Wild Pitch!
Phil Matthews to second
1-0: Ball
2-0: Fly out, F8 (Line Drive, 8LS)
Batting: RHB Alfredo López 0-0: Ball
1-0: Fly out, F9 (Flyball, 9S)
Batting: RHB Cisco Gatán 0-0: Ground out 6-3 (Groundball, 6)
Top of the 3rd over - 0 run(s), 1 hit(s), 0 error(s), 1 left on base; Vista 2 - Greenville 1
BOTTOM OF THE 3RD
Greenville 84s batting - Pitching for Vista Panthers : RHP Paco Canpos
Batting: RHB Robert Buckley 0-0: Ball
1-0: SINGLE (Line Drive, 8LS)
Batting: LHB Robert Moore 0-0: Foul Ball, location: 2F
0-1: Swinging Strike
0-2: Ball
1-2: TRIPLE (Flyball, 89XD)
Robert Buckley scores
Batting: RHB Carlos Torres 0-0: Called Strike
0-1: Ball
1-1: Swinging Strike
1-2: Strikes out looking
Batting: LHB Chris Moore 0-0: Called Strike
0-1: Foul Ball, location: 2F
0-2: Fly out, F9 (Flyball, 89M)
Runner from 3rd tags up, SCORES, throw made
Batting: RHB Enzo Díaz 0-0: Called Strike
0-1: Called Strike
0-2: Strikes out swinging
Bottom of the 3rd over - 2 run(s), 2 hit(s), 0 error(s), 0 left on base; Vista 2 - Greenville 3
TOP OF THE 4TH
Vista Panthers batting - Pitching for Greenville 84s : LHP Darrell Harding
Batting: RHB George Howard 0-0: Called Strike
0-1: Ball
1-1: Foul Ball, location: 2F
1-2: Reached on error, E6 (Groundball, 6)
Batting: RHB António López 0-0: Ball
1-0: Called Strike
1-1: Ball
2-1: Ball
3-1: Base on Balls
George Howard to second
Batting: RHB Justin Burgess 0-0: Ball
1-0: Foul Ball, location: 2F
1-1: SINGLE (Line Drive, 4D)
George Howard to third
António López to second
Batting: RHB John Mendelson 0-0: Called Strike
0-1: Ball
1-1: Swinging Strike
1-2: Ball
2-2: Ball
3-2: Foul Ball, location: 2F
3-2: Foul Ball, location: 2F
3-2: Base on Balls
George Howard scores
António López to third
Justin Burgess to second
Batting: RHB Roberto Cruz 0-0: Ball
1-0: Ball
2-0: SINGLE (Line Drive, 56)
António López scores
Justin Burgess to third
John Mendelson to second
Runner from 3rd tries for Home, SAFE, no throw
Batting: RHB Phil Matthews 0-0: Foul Ball, location: 2F
0-1: DOUBLE (Line Drive, 78XD)
John Mendelson scores
Roberto Cruz to third
Batting: SHB Mark Wells 0-0: Called Strike
0-1: Foul Ball, location: 2F
0-2: Strikes out looking
Batting: RHB Alfredo López 0-0: Called Strike
0-1: Ball
1-1: Called Strike
1-2: Strikes out swinging
Batting: RHB Cisco Gatán 0-0: Foul Ball, location: 2F
0-1: Ball
1-1: Called Strike
1-2: Ball
2-2: Ball
3-2: Foul Ball, location: 2F
3-2: Foul Ball, location: 2F
3-2: SINGLE (Line Drive, 6D)
Roberto Cruz scores
Phil Matthews to third
Phil Matthews scores
Pitching: RHP Tomás González
Batting: RHB George Howard 0-0: Called Strike
0-1: Swinging Strike
0-2: Fielders Choice at 2nd, 6-4 (Groundball, 6)
Top of the 4th over - 6 run(s), 4 hit(s), 1 error(s), 0 left on base; Vista 8 - Greenville 3
BOTTOM OF THE 4TH
Greenville 84s batting - Pitching for Vista Panthers : RHP Paco Canpos
Batting: LHB Brock Larsen 0-0: Fly out, F7 (Flyball, 7S)
Batting: LHB Paco Rosas 0-0: Ground out 5-3 (Groundball, 5S)
Batting: LHB Jimmy Vickers 0-0: Ball
1-0: Fly out, F7 (Flyball, 7LS)
Bottom of the 4th over - 0 run(s), 0 hit(s), 0 error(s), 0 left on base; Vista 8 - Greenville 3
TOP OF THE 5TH
Vista Panthers batting - Pitching for Greenville 84s : RHP Tomás González
Batting: RHB António López 0-0: Called Strike
0-1: Ball
1-1: Foul Ball, location: 2F
1-2: Ground out 6-3 (Groundball, 6)
Batting: RHB Justin Burgess 0-0: Ground out 1-3 (Groundball, 13S)
Batting: RHB John Mendelson 0-0: Swinging Strike
0-1: Ball
1-1: Ball
2-1: Fly out, F8 (Flyball, 89S)
Top of the 5th over - 0 run(s), 0 hit(s), 0 error(s), 0 left on base; Vista 8 - Greenville 3
BOTTOM OF THE 5TH
Greenville 84s batting - Pitching for Vista Panthers : RHP Paco Canpos
Batting: RHB Vic Langlois 0-0: Ground out 6-3 (Groundball, 6)
Batting: RHB Robert Buckley 0-0: Ball
1-0: Ball
2-0: DOUBLE (Line Drive, 78D)
Batting: LHB Robert Moore 0-0: Called Strike
0-1: Foul Ball, location: 2F
0-2: Ball
1-2: Foul Ball, location: 2F
1-2: Strikes out swinging
Batting: RHB Carlos Torres 0-0: Called Strike
0-1: Ground out 5-3 (Groundball, 5)
Bottom of the 5th over - 0 run(s), 1 hit(s), 0 error(s), 1 left on base; Vista 8 - Greenville 3
TOP OF THE 6TH
Vista Panthers batting - Pitching for Greenville 84s : RHP Tomás González
Batting: RHB Roberto Cruz 0-0: Called Strike
0-1: Ball
1-1: Called Strike
1-2: Ball
2-2: Ball
3-2: Strikes out looking
Batting: RHB Phil Matthews 0-0: Called Strike
0-1: Ball
1-1: Foul Ball, location: 2F
1-2: Strikes out swinging
Batting: SHB Mark Wells 0-0: Ball
1-0: Called Strike
1-1: Swinging Strike
1-2: SINGLE (Line Drive, 7S)
Batting: RHB Alfredo López 0-0: Called Strike
0-1: Ball
1-1: Fly out, F8 (Flyball, 8RM)
Top of the 6th over - 0 run(s), 1 hit(s), 0 error(s), 1 left on base; Vista 8 - Greenville 3
BOTTOM OF THE 6TH
Greenville 84s batting - Pitching for Vista Panthers : RHP Paco Canpos
Batting: LHB Chris Moore 0-0: Called Strike
0-1: Ball
1-1: Ball
2-1: Called Strike
2-2: Foul Ball, location: 2F
2-2: Foul Ball, location: 2F
2-2: Ball
3-2: Ground out 1-3 (Groundball, 13S)
Batting: RHB Enzo Díaz 0-0: Foul Ball, location: 2F
0-1: Ball
1-1: Ball
2-1: Foul Ball, location: 2F
2-2: Ball
3-2: Foul Ball, location: 2F
3-2: Ground out 4-3 (Groundball, 4)
Batting: LHB Brock Larsen 0-0: Called Strike
0-1: Ball
1-1: Foul Ball, location: 2F
1-2: Ground out U3 (Groundball, 34)
Bottom of the 6th over - 0 run(s), 0 hit(s), 0 error(s), 0 left on base; Vista 8 - Greenville 3
TOP OF THE 7TH
Vista Panthers batting - Pitching for Greenville 84s : RHP Tomás González
Batting: RHB Cisco Gatán 0-0: Ball
1-0: Foul Ball, location: 2F
1-1: Swinging Strike
1-2: Ball
2-2: Ball
3-2: Ground out 5-3 (Groundball, 56)
Batting: RHB George Howard 0-0: Fly out, F7 (Flyball, 7)
Batting: RHB António López 0-0: Called Strike
0-1: Ground out U3 (Groundball, 3L)
Top of the 7th over - 0 run(s), 0 hit(s), 0 error(s), 0 left on base; Vista 8 - Greenville 3
BOTTOM OF THE 7TH
Greenville 84s batting - Pitching for Vista Panthers : RHP Paco Canpos
Batting: LHB Paco Rosas 0-0: Ground out 1-3 (Groundball, P)
Batting: LHB Jimmy Vickers 0-0: Ball
1-0: Foul Ball, location: 2F
1-1: Ground out U3 (Groundball, 3L)
Batting: RHB Vic Langlois 0-0: Foul Ball, location: 2F
0-1: Swinging Strike
0-2: Strikes out looking
Bottom of the 7th over - 0 run(s), 0 hit(s), 0 error(s), 0 left on base; Vista 8 - Greenville 3
TOP OF THE 8TH
Vista Panthers batting - Pitching for Greenville 84s : RHP Tomás González
Batting: RHB Justin Burgess 0-0: Called Strike
0-1: Ball
1-1: Ball
2-1: Ball
3-1: Base on Balls
Batting: RHB John Mendelson 0-0: Ball
1-0: Ball
2-0: Called Strike
2-1: Foul Ball, location: 2F
2-2: Strikes out swinging
Pitching: RHP Dave Smith
Batting: RHB Roberto Cruz 0-0: Ball
1-0: Called Strike
1-1: Called Strike
1-2: Foul Ball, location: 2F
1-2: Fielders Choice at 2nd, 1-4 (Groundball, 15)
Batting: RHB Phil Matthews 0-0: Called Strike
0-1: Ball
1-1: Ball
2-1: 2-RUN HOME RUN (Flyball, 7D), Distance : 365 ft
Batting: SHB Mark Wells 0-0: Ball
1-0: Ball
2-0: Called Strike
2-1: Swinging Strike
2-2: Ball
3-2: Strikes out swinging
Top of the 8th over - 2 run(s), 1 hit(s), 0 error(s), 0 left on base; Vista 10 - Greenville 3
BOTTOM OF THE 8TH
Greenville 84s batting - Pitching for Vista Panthers : RHP Paco Canpos
Batting: RHB Robert Buckley 0-0: Ball
1-0: SINGLE (Groundball, 56D)
Pitching: RHP António López
Batting: LHB Robert Moore 0-0: Ball
1-0: Swinging Strike
1-1: Ball
2-1: Fly out, F8 (Flyball, 8LS)
Batting: RHB Carlos Torres 0-0: Called Strike
0-1: Ball
1-1: Ball
2-1: Swinging Strike
2-2: Foul Ball, location: 2F
2-2: Ball
3-2: Foul Ball, location: 2F
3-2: Foul Ball, location: 2F
3-2: Foul Ball, location: 2F
3-2: Foul Ball, location: 2F
3-2: SINGLE (Groundball, 56S) (infield hit)
Robert Buckley to second
Pitching: RHP Scotty Johnson
Batting: LHB Chris Moore 0-0: Called Strike
0-1: Ball
1-1: Foul Ball, location: 2F
1-2: Ball
2-2: Ball
3-2: Base on Balls
Robert Buckley to third
Carlos Torres to second
Batting: RHB Enzo Díaz 0-0: Ball
1-0: Called Strike
1-1: Foul Ball, location: 2F
1-2: Ball
2-2: Ball
3-2: DOUBLE (Flyball, 78M)
Robert Buckley scores
Carlos Torres scores
Chris Moore to third
Batting: LHB Brock Larsen 0-0: Called Strike
0-1: Swinging Strike
0-2: Ball
1-2: Ball
2-2: Foul Ball, location: 2F
2-2: Strikes out looking
Batting: LHB Paco Rosas 0-0: Ball
1-0: Ball
2-0: Ball
3-0: SINGLE (Flyball, 7LS)
Chris Moore scores
Enzo Díaz to third
Runner from 3rd tries for Home, SAFE, no throw
Pitching: LHP Mario Tobías
Batting: LHB Jimmy Vickers 0-0: Ball
1-0: Called Strike
1-1: Ball
2-1: Ball
3-1: Fielders Choice at 2nd, 4-6 (Groundball, 34)
Bottom of the 8th over - 4 run(s), 4 hit(s), 0 error(s), 0 left on base; Vista 10 - Greenville 7
TOP OF THE 9TH
Vista Panthers batting - Pitching for Greenville 84s : RHP Dave Smith
Pitching: RHP Paco Ruíz
Batting: RHB Alfredo López 0-0: Ball
1-0: Ball
2-0: Fly out, F7 (Line Drive, 78D)
Batting: RHB Cisco Gatán 0-0: SINGLE (Line Drive, 8LS)
Batting: RHB George Howard 0-0: Ball
1-0: Ball
2-0: Grounds into double play, 5-4-3 (Groundball, 56)
Top of the 9th over - 0 run(s), 1 hit(s), 0 error(s), 0 left on base; Vista 10 - Greenville 7
BOTTOM OF THE 9TH
Greenville 84s batting - Pitching for Vista Panthers : LHP Mario Tobías
Pitching: RHP David Simpson
Batting: RHB Vic Langlois 0-0: Called Strike
0-1: Called Strike
0-2: Ball
1-2: Strikes out swinging
Batting: RHB Robert Buckley 0-0: Foul Ball, location: 2F
0-1: Ball
1-1: Swinging Strike
1-2: Strikes out swinging
Batting: LHB Robert Moore 0-0: Foul Ball, location: 2F
0-1: Swinging Strike
0-2: Ball
1-2: Strikes out swinging
Bottom of the 9th over - 0 run(s), 0 hit(s), 0 error(s), 0 left on base; Vista 10 - Greenville 7
Thursday, March 30th, 2017 - OOTP Baseball 17.12 Build 75